 Dungeon Crawl Stone Soup version 0.26-a0-30-g56b8cd3df0 (webtiles) character file.

Game seed: 9153490574791515334, levelgen mode: deterministic

63903 sanka the Gelid (level 15, -1/129 HPs)
             Began as a Barachi Ice Elementalist on May 30, 2020.
             Was the Champion of Vehumet.
             Killed by divine providence
             ... invoked by Saint Roka
              (9 damage)
             ... on level 2 of the Orcish Mines on May 31, 2020.
             The game lasted 01:14:23 (24554 turns).

sanka the Gelid (Barachi Ice Elementalist)         Turns: 24554, Time: 01:14:23

Health: -1/129     AC: 14    Str: 15    XL:     15   Next: 11%
Magic:  7/32       EV: 33    Int: 24    God:    Vehumet [******]
Gold:   1096       SH:  0    Dex: 21    Spells: 19/40 levels left

rFire    . . .     SeeInvis +   a - +3 war axe of the Gloaming {flame, rPois Dex+9 SInv}
rCold    . . .     Gourm    .   (no shield)
rNeg     . . .     Faith    +   T - +2 robe {Archmagi}
rPois    +         Spirit   .   N - +2 helmet {Int+3}
rElec    .         Reflect  .   D - +2 cloak {rCorr}
rCorr    +         Harm     .   S - +0 pair of gloves
MR       +....                  k - +2 pair of boots {run}
Stlth    ++........             t - amulet of faith
HPRegen  0.31/turn              m - +4 ring of evasion
MPRegen  0.23/turn              x - ring "Dipnot List" {EV+4 Str+4}

@: no potions
A: +LOS, swims, slowness 1, strong legs 2
a: Hop, Renounce Religion


You were on level 2 of the Orcish Mines.
You worshipped Vehumet.
Vehumet was exalted by your worship.
You were not hungry.

You visited 3 branches of the dungeon, and saw 19 of its levels.
You visited the Abyss 1 time.
You also visited: Bailey.

You collected 1951 gold pieces.
You spent 855 gold pieces at shops.


Innate Abilities, Weirdness & Mutations

You can be seen from farther away. (+LOS)
You can swim through water.
You cover ground slowly.
You can hop long distances.


   Skills:
 - Level 15.0 Fighting
 + Level 14.6 Dodging
 - Level 1.7 Stealth
 + Level 13.1 Spellcasting
 - Level 4.0 Summonings
 - Level 15.0 Ice Magic


You had 19 spell levels left.
You knew the following spells:

 Your Spells              Type           Power        Failure   Level  Hunger
a - Ozocubu's Armour      Chrm/Ice       ######..     1%          3    None
u - Hailstorm             Conj/Ice       ######..     1%          4    None
x - Summon Ice Beast      Ice/Summ       #######.     1%          4    None
y - Frozen Ramparts       Ice            ######       1%          3    None
z - Ozocubu's Refrigerat  Ice            #######...   1%          6    #####..
X - Freeze                Ice            ####         0%          1    None

Your spell library contained the following spells:

 Spells                   Type           Power        Failure   Level  Hunger
 Lee's Rapid Deconstruct  Erth           ###.......   26%         5    ###....
 Magic Dart               Conj           ###.         1%          1    None
 Call Imp                 Summ           ######..     1%          2    None
 Sting                    Tmut/Pois      ###.         3%          1    None
 Conjure Flame            Conj/Fire      ###.....     3%          3    None
 Ignite Poison            Fire/Tmut/Pois ###.....     3%          3    None
 Mephitic Cloud           Conj/Pois/Air  ###.....     3%          3    None
 Blink                    Tloc           N/A          6%          2    None
 Poisonous Vapours        Pois/Air       ###...       6%          2    None
 Slow                     Hex            ###.....     6%          2    None
 Olgreb's Toxic Radiance  Pois           ###.....     11%         4    None

Inventory:

Hand Weapons
 a - the +3 war axe of the Gloaming (weapon) {flame, rPois Dex+9 SInv}

   It has been specially enchanted to burn those struck by it, causing extra
   injury to most foes and up to half again as much damage against particularly
   susceptible opponents.
   Big, fiery blades are also staple armaments of hydra-hunters.
   It affects your dexterity (+9).
   It protects you from poison.
   It lets you see invisible.
 b - a +0 hunting sling
Missiles
 e - 610 stones (quivered)
 j - 156 sling bullets
Armour
 k - a +2 pair of boots of running (worn)
 D - a +2 cloak of preservation (worn)
 N - a +2 helmet of intelligence (worn)
 Q - a scarf of invisibility
 S - a +0 pair of gloves (worn)
 T - a +2 robe of the Archmagi (worn)
Magical Staves
 R - an uncursed staff of wizardry {!a}
Jewellery
 g - an uncursed amulet of the acrobat
 m - a +4 ring of evasion (left hand)
 t - an amulet of faith (around neck)
 v - an uncursed ring of ice
 x - the ring "Dipnot List" (right hand) {EV+4 Str+4}

   [ring of evasion]

   It affects your evasion (+4).
   It affects your strength (+4).
 E - an uncursed ring of protection from fire
 I - an uncursed ring of see invisible
 X - an uncursed ring of protection from magic
Wands
 q - a wand of flame (2)
 A - a wand of clouds (1)
 P - a wand of iceblast (12)
 Y - a wand of polymorph (11)
Scrolls
 f - 5 scrolls of amnesia
 n - 10 scrolls of remove curse
 w - 4 scrolls of blinking
 y - 3 scrolls of fog
 z - 5 scrolls of magic mapping
 C - 7 scrolls of teleportation {@r4}
 F - 3 scrolls of summoning
 J - 2 scrolls of fear
 K - 5 scrolls of enchant armour
 O - 6 scrolls of enchant weapon
 U - a scroll of brand weapon
 W - a scroll of noise {unknown}
 Z - a scroll of identify {@r1}
Potions
 d - 7 potions of flight {unknown}
 h - a potion of lignification {unknown}
 i - 5 potions of curing {@q1}
 l - 2 potions of degeneration {unknown}
 o - a potion of mutation {unknown}
 p - 2 potions of magic {unknown}
 r - 4 potions of heal wounds {@q2}
 s - 6 potions of stabbing
 u - a potion of cancellation {unknown}
 B - 2 potions of brilliance {unknown}
 G - 7 potions of ambrosia {unknown}
 H - 4 potions of might {unknown}
 L - 2 potions of resistance
 M - 4 potions of haste {@q3}
Comestibles
 c - 24 rations

Dungeon Overview and Level Annotations

Branches:
Dungeon (11/15)            Temple (0/1) D:7            Lair (6/6) D:9
 Shoals (0/4) Lair:3        Snake (0/4) Lair:4        Slime (0/5) Lair:6
    Orc (2/2) D:10         Bailey (visited)
    Elf: Orc:2

Altars:
Cheibriados
Fedhas
Gozag
Nemelex Xobeh
Trog
Uskayaw
Vehumet
Beogh

Shops:
D:5 :   D:8 [[:(   D:11 [

Annotations:
Orc:2 Saint Roka

▒▒......
▒▒........
▒▒▒.........
▒▒...........
▒..........
▒▒........▒
▒▒▒...£.....▒
▒.........▒▒▒
▒...FO...▒
▒▒..o#..<▒
▒▒.#°#......
▒▒##☼#.....
▒▒#§§#..£.
▒####..▒
ooo..▒▒
o......
†......


You could see Saint Roka, 2 orc warriors, an ogre, an orc wizard (strong) and an
orc (strong).


Message History

Saint Roka hits you with a +0 dire flail!!
* * * LOW HITPOINT WARNING * * *
An orc wizard comes into view. It is wielding a +0 dagger.
Saint Roka is engulfed in blazing flames.
Saint Roka invokes the aid of Beogh against you.
Beogh smites you!
* * * LOW HITPOINT WARNING * * *
Unknown command.
Unknown command.
You cannot drink potions in your current state!
Evoke which item? (* to show all) (? for menu, Esc to quit)
Aiming: Iceblast The mass of ice explodes!
The iceblast engulfs Saint Roka.
Saint Roka is almost dead.
The orc wizard shouts!
The orc no longer looks unusually strong.
Saint Roka is engulfed in blazing flames.
Saint Roka roars a battlecry!
The orc goes into a battle-frenzy!
Evoke which item? (* to show all) (? for menu, Esc to quit)
Aiming: Iceblast The mass of ice explodes!
The iceblast engulfs Saint Roka.
Saint Roka is almost dead.
The ogre completely misses you.
Saint Roka is engulfed in blazing flames.
Saint Roka invokes the aid of Beogh against you.
Beogh smites you!
You die...

Action                   |  1- 3 |  4- 6 |  7- 9 | 10-12 | 13-15 || total
-------------------------+-------+-------+-------+-------+-------++-------
Melee: Club              |    16 |       |       |       |       ||    16
       Whip              |     2 |    34 |       |       |       ||    36
       Flail             |       |     7 |    90 |       |       ||    97
       Quarterstaff      |       |       |    72 |     4 |       ||    76
       Long sword        |       |       |       |   228 |    57 ||   285
       Scimitar          |       |       |       |       |   238 ||   238
       War axe           |       |       |       |       |    63 ||    63
 Fire: Hunting sling     |       |       |    11 |    71 |       ||    82
Throw: Stone             |     2 |       |    41 |       |       ||    43
 Cast: Freeze            |    37 |    54 |    76 |   183 |     7 ||   357
       Frozen Ramparts   |     2 |     7 |    20 |    58 |    25 ||   112
       Ozocubu's Armour  |       |       |    23 |    49 |    23 ||    95
       Summon Ice Beast  |       |       |     1 |    17 |       ||    18
       Hailstorm         |       |       |       |     4 |       ||     4
       Ozocubu's Refrige |       |       |       |     8 |    99 ||   107
 Abil: Hop               |       |       |       |     3 |     2 ||     5
Evoke: Wand              |       |       |       |     4 |    33 ||    37
  Use: Scroll            |       |       |       |    11 |     4 ||    15
       Potion            |       |       |       |     9 |       ||     9
 Stab: Sleeping          |       |     2 |     1 |     2 |     2 ||     7
       Distracted        |       |       |       |     1 |     1 ||     2
       Confused          |       |       |       |       |     1 ||     1
  Eat: Chunk             |     3 |     9 |    16 |    22 |    42 ||    92
       Ration            |       |       |       |     2 |     5 ||     7
Armor: Robe              |     8 |     9 |    33 |    88 |    88 ||   226
       Steam dragon scal |       |       |       |    47 |       ||    47
Dodge: Dodged            |    36 |    74 |   210 |   780 |   659 ||  1759
       Rpst.: Long sword |       |       |       |   158 |    40 ||   198
       Scimitar          |       |       |       |       |    85 ||    85

Levels and vault maps discovered:
D:1:      giann_wishing_wells, layout_basic, serial_forest,
          infiniplex_forest_clump_curved, infiniplex_forest_lined_2,
          infiniplex_forest_clump_double, infiniplex_forest_lined_room_,
          infiniplex_forest_clump_curved, infiniplex_forest_end_2,
          infiniplex_forest_lined_3, infiniplex_forest_clump_small,
          minmay_tall_x
D:2:      layout_loops_ring, minmay_misc_feat_rugged, uniq_robin
D:3:      layout_basic, first_ration
D:4:      cheibrodos_old_hovel, layout_basic, minitemple, kennysheep_mini,
          uniq_crazy_yiuf_cottage, uniq_pikel
D:5:      layout_basic, serial_shops, kennysheep_mini_moat
D:6:      layout_rooms, kennysheep_generic_room_14, uniq_edmund,
          uniq_prince_ribbit1, uniq_maggie
D:7:      layout_basic, nicolae_overflow_crystal_walls,
          minmay_temple_entry_slanted
D:8:      layout_loops_ring, enter_bailey_2, basic_altar, serial_shops, shop,
          nicolae_shop_crystal, nicolae_shop_behind_doors, shop, shop
D:9:      layout_loops_ring, grunt_gozag_breadcrumbs, dpeg_oklobed_lair,
          uniq_erica, uniq_grum, uniq_psyche
D:10:     lemuel_reptile_caves, layout_irregular_city, erik_orc_2
D:11:     layout_layer_cave, serial_shops, nicolae_shop_statue_plus,
          uniq_erolcha
Lair:1:   layout_gridlike
Lair:2:   layout_chaotic_city, ice2_lemuel
Lair:3:   layout_cave_shapes, elwin_shoals_entry_rooms, uniq_fannar
Lair:4:   layout_cave_pods, dummy_snake_entry, wad_woods_antlair,
          serial_bayou_shore_a, infiniplex_staircase_pool, uniq_josephine
Lair:5:   layout_long_grid
Lair:6:   due_jungle_book, layout_cave_shapes, slime_dummy, special_room
          [special_room_bee], grunt_megastairs_1
Orc:1:    layout_caves, basic_altar, uniq_urug
Orc:2:    st_orc_ogre_mass, layout_diamond_mine, nicolae_orc_rockfall,
          uniq_saint_roka

Notes
Turn   | Place    | Note
-------+----------+-------------------------------------------
     0 | D:1      | sanka the Barachi Ice Elementalist began the quest for the
                  | Orb.
     0 | D:1      | Reached XP level 1. HP: 13/13 MP: 3/3
   188 | D:1      | Reached skill level 3 in Spellcasting
   188 | D:1      | Reached XP level 2. HP: 16/19 MP: 1/6
   529 | D:1      | Reached skill level 5 in Ice Magic
   870 | D:1      | Reached XP level 3. HP: 10/24 MP: 0/7
  1353 | D:1      | Learned a level 3 spell: Frozen Ramparts
  1481 | D:2      | Reached skill level 6 in Ice Magic
  1821 | D:2      | Reached XP level 4. HP: 30/30 MP: 4/8
  1822 | D:2      | Noticed Robin
  1833 | D:2      | Killed Robin
  2362 | D:2      | Reached skill level 7 in Ice Magic
  2362 | D:2      | Reached XP level 5. HP: 23/35 MP: 3/9
  2914 | D:2      | Learned a level 4 spell: Summon Ice Beast
  3042 | D:3      | Noticed an ogre
  3052 | D:3      | Killed an ogre
  3052 | D:3      | Reached skill level 8 in Ice Magic
  3052 | D:3      | Reached XP level 6. HP: 41/41 MP: 3/10
  3057 | D:3      | Learned a level 3 spell: Ozocubu's Armour
  3277 | D:3      | Reached skill level 1 in Summonings
  3363 | D:3      | Reached skill level 2 in Summonings
  4134 | D:4      | Reached XP level 7. HP: 46/46 MP: 7/11
  4234 | D:4      | Reached skill level 3 in Summonings
  4234 | D:4      | Reached skill level 9 in Ice Magic
  4341 | D:4      | Got a wavering glass ring
  4342 | D:4      | Identified the ring "Dipnot List" {EV+4 Str+4} (You found
                  | it on level 4 of the Dungeon)
  4472 | D:4      | Found a snail-covered altar of Cheibriados.
  4523 | D:4      | Reached skill level 3 in Dodging
  4584 | D:4      | Reached skill level 4 in Dodging
  4819 | D:4      | Found a blossoming altar of Fedhas.
  4821 | D:4      | Found a hide-covered altar of Uskayaw.
  4822 | D:4      | Found a radiant altar of Vehumet.
  4885 | D:4      | Became a worshipper of Vehumet
  5047 | D:4      | Reached skill level 1 in Fighting
  5328 | D:4      | Noticed Pikel
  5333 | D:4      | Killed Pikel
  5333 | D:4      | Reached skill level 3 in Fighting
  5333 | D:4      | Reached skill level 5 in Dodging
  5333 | D:4      | Reached skill level 4 in Summonings
  5333 | D:4      | Reached XP level 8. HP: 60/60 MP: 8/13
  5366 | D:4      | Reached skill level 4 in Fighting
  5935 | D:4      | Found a runed translucent door.
  5936 | D:4      | Noticed Crazy Yiuf
  5943 | D:4      | Killed Crazy Yiuf
  6002 | D:5      | Entered Level 5 of the Dungeon
  6067 | D:5      | Found Xich's Book Emporium.
  6084 | D:5      | Reached skill level 4 in Spellcasting
  6193 | D:5      | Reached skill level 5 in Fighting
  6193 | D:5      | Reached skill level 6 in Dodging
  6225 | D:5      | Reached XP level 9. HP: 68/68 MP: 9/15
  6314 | D:5      | Reached skill level 6 in Fighting
  6314 | D:5      | Reached skill level 10 in Ice Magic
  6513 | D:5      | Reached * piety under Vehumet
  6513 | D:5      | Offered knowledge of Shock by Vehumet.
  6513 | D:5      | Reached skill level 5 in Spellcasting
  7285 | D:6      | Noticed Prince Ribbit
  7459 | D:6      | Killed Prince Ribbit
  7459 | D:6      | Reached skill level 6 in Spellcasting
  7459 | D:6      | Reached skill level 11 in Ice Magic
  7522 | D:6      | Noticed Edmund
  7555 | D:6      | Killed Edmund
  7555 | D:6      | Offered knowledge of Searing Ray by Vehumet.
  7826 | D:6      | Reached ** piety under Vehumet
  7885 | D:6      | Reached XP level 10. HP: 76/76 MP: 20/20
  7960 | D:6      | Identified +0 steam dragon scales
  7960 | D:6      | Noticed Maggie
  7983 | D:6      | Killed Maggie
  7983 | D:6      | Reached skill level 7 in Spellcasting
  8475 | D:7      | Found a sparkling altar of Nemelex Xobeh.
  8553 | D:7      | Found a staircase to the Ecumenical Temple.
  8725 | D:7      | Reached skill level 12 in Ice Magic
  9130 | D:8      | Found Ehuef's Weapon Shoppe.
  9176 | D:8      | Offered knowledge of Static Discharge by Vehumet.
  9205 | D:8      | Found Inketh's Book Shop.
  9343 | D:8      | Found Seyfuo's Armour Boutique.
  9354 | D:8      | Identified +0 steam dragon scales
  9354 | D:8      | Reached skill level 8 in Spellcasting
  9383 | D:8      | Found Jiexiorph's Armour Shoppe.
  9392 | D:8      | Reached *** piety under Vehumet
  9593 | D:8      | Found Ufubyvoo's Weapon Emporium.
  9600 | D:8      | Found a flagged portal.
  9600 | D:8      | Found a bloodstained altar of Trog.
  9610 | Bailey   | Entered a bailey
  9635 | Bailey   | Offered knowledge of Fulminant Prism by Vehumet.
  9876 | Bailey   | Noticed an orc knight
  9876 | Bailey   | Noticed an orc knight
  9900 | Bailey   | Reached skill level 7 in Fighting
  9908 | Bailey   | Reached **** piety under Vehumet
  9912 | Bailey   | Killed an orc knight
  9912 | Bailey   | Reached skill level 7 in Dodging
  9918 | Bailey   | Learned a level 4 spell: Hailstorm
 10032 | Bailey   | Identified a +2 robe of resistance
 10034 | Bailey   | Noticed an orc knight
 10037 | Bailey   | Noticed an orc knight
 10039 | Bailey   | Killed an orc knight
 10047 | Bailey   | Killed an orc knight
 10047 | Bailey   | Reached XP level 11. HP: 48/85 MP: 8/23
 10050 | Bailey   | HP: 2/85 [orc knight/+0 glaive (26)]
 10051 | Bailey   | Killed an orc knight
 10107 | Bailey   | Noticed an orc knight
 10236 | Bailey   | Killed an orc knight
 10236 | Bailey   | Reached skill level 8 in Fighting
 10555 | D:8      | Offered knowledge of Conjure Flame by Vehumet.
 10860 | D:8      | Bought a +0 helmet of intelligence for 172 gold pieces
 10884 | D:8      | Bought a +0 pair of boots for 72 gold pieces
 10884 | D:8      | Bought a +0 pair of gloves for 72 gold pieces
 10910 | D:9      | Noticed Psyche
 10915 | D:9      | Killed Psyche
 10915 | D:9      | Identified a +2 robe of the Archmagi
 10915 | D:9      | Noticed Erica
 10922 | D:9      | Reached skill level 9 in Spellcasting
 10922 | D:9      | Reached skill level 13 in Ice Magic
 10926 | D:9      | Killed Erica
 10926 | D:9      | Reached skill level 8 in Dodging
 10983 | D:9      | Found an opulent altar of Gozag.
 11034 | D:9      | Noticed Grum
 11045 | D:9      | Killed Grum
 11109 | D:9      | Found a staircase to the Lair.
 11210 | D:9      | Reached skill level 9 in Fighting
 11873 | D:10     | Entered Level 10 of the Dungeon
 11893 | D:10     | Noticed a two-headed ogre
 11903 | D:10     | Killed a two-headed ogre
 11903 | D:10     | Reached skill level 9 in Dodging
 12472 | D:10     | Reached ***** piety under Vehumet
 12472 | D:10     | Offered knowledge of Iron Shot by Vehumet.
 12684 | D:10     | Reached skill level 10 in Spellcasting
 12811 | D:10     | Reached skill level 10 in Fighting
 12839 | D:10     | Reached XP level 12. HP: 86/97 MP: 15/26
 13025 | D:10     | Reached skill level 10 in Dodging
 13664 | D:10     | Found a staircase to the Orcish Mines.
 13802 | D:11     | Found Etwihy Zeuhe's Armour Shop.
 13808 | D:11     | Noticed Erolcha
 13810 | D:11     | Reached skill level 11 in Fighting
 13810 | D:11     | Cast into level 2 of the Abyss (Erolcha)
 13824 | Abyss:2  | Found a corrupted altar of Lugonu.
 13847 | Abyss:2  | Found a corrupted altar of Lugonu.
 13931 | Abyss:2  | Noticed an ironheart preserver
 13942 | Abyss:2  | HP: 6/100 [storm dragon zombie (8)]
 14033 | Abyss:2  | Reached skill level 11 in Dodging
 14047 | Abyss:2  | Offered knowledge of Ozocubu's Refrigeration by Vehumet.
 14067 | Abyss:2  | Learned a level 6 spell: Ozocubu's Refrigeration
 14073 | Abyss:2  | Reached skill level 12 in Fighting
 14090 | Abyss:2  | Noticed a revenant
 14107 | Abyss:2  | Noticed a thrashing horror
 14108 | Abyss:2  | Noticed a rakshasa
 14132 | D:11     | Escaped the Abyss
 14148 | D:10     | Killed Erolcha
 14767 | D:11     | Gained mutation: You can hop long distances. [Barachi
                  | growth]
 14767 | D:11     | Reached XP level 13. HP: 106/109 MP: 24/27
 14924 | D:11     | Bought a +2 pair of boots of running for 539 gold pieces
 15050 | Lair:1   | Entered Level 1 of the Lair of Beasts
 15258 | Lair:1   | Reached skill level 12 in Dodging
 15369 | Lair:1   | Reached skill level 13 in Fighting
 17000 | Lair:2   | Reached skill level 11 in Spellcasting
 17382 | Lair:2   | Reached skill level 14 in Ice Magic
 18447 | Lair:3   | Noticed Fannar
 18474 | Lair:3   | Killed Fannar
 18851 | Lair:3   | Found a staircase to the Shoals.
 19112 | Lair:4   | Found a staircase to the Snake Pit.
 19548 | Lair:4   | Noticed an entropy weaver
 19549 | Lair:4   | Noticed an entropy weaver
 19553 | Lair:4   | Killed an entropy weaver
 19553 | Lair:4   | Killed an entropy weaver
 19553 | Lair:4   | Reached skill level 13 in Dodging
 19555 | Lair:4   | Reached XP level 14. HP: 97/119 MP: 23/29
 19844 | Lair:4   | Reached skill level 14 in Fighting
 20045 | Lair:4   | Noticed Josephine
 20050 | Lair:4   | Killed Josephine
 20955 | Lair:5   | Offered knowledge of Fireball by Vehumet.
 21679 | Lair:6   | Entered Level 6 of the Lair of Beasts
 21680 | Lair:6   | Reached skill level 12 in Spellcasting
 21685 | Lair:6   | Reached skill level 15 in Ice Magic
 22674 | Lair:6   | Found a staircase to the Slime Pits.
 23027 | Lair:6   | Reached skill level 14 in Dodging
 23162 | Lair:6   | Reached skill level 15 in Fighting
 23227 | Lair:6   | Noticed a dire elephant
 23227 | Lair:6   | Noticed a dire elephant
 23232 | Lair:6   | Killed a dire elephant
 23232 | Lair:6   | Killed a dire elephant
 23245 | Lair:6   | Got a steaming war axe
 23246 | Lair:6   | Identified the +3 war axe of the Gloaming {flame, rPois
                  | Dex+9 SInv} (You found it on level 6 of the Lair of Beasts)
 23280 | Lair:6   | Noticed a dire elephant
 23291 | Lair:6   | Killed a dire elephant
 23697 | Orc:1    | Entered Level 1 of the Orcish Mines
 23716 | Orc:1    | Reached XP level 15. HP: 119/129 MP: 21/31
 23741 | Orc:1    | Reached ****** piety under Vehumet
 23741 | Orc:1    | Offered knowledge of Lee's Rapid Deconstruction by Vehumet.
 23773 | Orc:1    | Found a roughly hewn altar of Beogh.
 23859 | Orc:1    | Noticed Urug
 23867 | Orc:1    | Reached skill level 13 in Spellcasting
 23871 | Orc:1    | HP: 12/129 [Urug/+0 demon trident of flaming (7)]
 23874 | Orc:1    | Killed Urug
 24534 | Orc:2    | Entered Level 2 of the Orcish Mines
 24534 | Orc:2    | Noticed Saint Roka
 24552 | Orc:2    | HP: 8/129 [Saint Roka/divine providence (11)]
 24554 | Orc:2    | Killed from afar by Saint Roka

Vanquished Creatures
  2 entropy weavers (Lair:4)
  3 dire elephants (Lair:6)
  Josephine (Lair:4)
  Erolcha (D:10)
  Fannar (Lair:3)
  6 hydras
  A catoblepas (Lair:5)
  Erica (D:9)
  An anaconda (Lair:6)
  A queen ant (Lair:4)
  A death yak (Lair:4)
  Urug (Orc:1)
  A storm dragon zombie (Abyss:2)
  An unseen horror (D:11)
  2 wolf spider zombies (Abyss:2)
  Pikel (D:4)
  An orc sorcerer (Orc:1)
  5 orc knights
  A worldbinder (Abyss:2)
  A cyclops (Orc:1)
  A manticore (D:11)
  An ice statue (Lair:2)
  6 black mambas
  10 elephants
  Maggie (D:6)
  Psyche (D:9)
  13 spiny frogs
  A smoke demon (Abyss:2)
  A gargoyle (D:11)
  A torpor snail (Lair:4)
  A freezing wraith (Lair:2)
  3 komodo dragons
  An ancient zyme (Abyss:2)
  6 rime drakes
  A polar bear (Lair:2)
  3 meliai (Lair:6)
  A troll (D:10)
  A queen bee (Lair:6)
  Prince Ribbit (D:6)
  11 hippogriffs
  5 blink frogs
  A flying skull (Abyss:2)
  A shadow (D:11)
  5 wraiths (Lair:4)
  Grum (D:9)
  30 yaks
  A large abomination (Abyss:2)
  A chaos spawn (Abyss:2)
  A steam dragon (D:8)
  3 basilisks
  Edmund (D:6)
  4 wargs
  2 small abominations (Abyss:2)
  29 water moccasins
  5 hell hounds (Abyss:2)
  5 soldier ants (Lair:4)
  5 porcupines
  2 black bears
  22 orc warriors
  7 ice beasts
  2 sky beasts
  2 slaves (D:4)
  An eye of draining (D:6)
  8 phantoms
  A necrophage (D:9)
  12 ogres
  16 wolves
  6 centaurs
  9 crocodiles
  11 bullfrogs
  2 scorpions
  10 killer bees (Lair:6)
  5 howler monkeys
  8 wights (D:6)
  6 electric eels
  A centaur zombie (D:5)
  2 bullfrog zombies
  9 crimson imps
  A quasit (D:9)
  7 hounds
  12 orc priests
  2 jellies
  2 bullfrog skeletons
  Crazy Yiuf (D:4)
  An iron imp (Abyss:2)
  6 centaur skeletons
  16 orc wizards
  2 iguanas
  17 worker ants
  A killer bee zombie (D:6)
  2 hound skeletons
  A worker ant zombie (D:10)
  2 howler monkey zombies
  Robin (D:2)
  22 adders
  9 gnolls
  A howler monkey skeleton (D:4)
  2 shadow imps
  3 white imps (Lair:2)
  An ooze (D:1)
  2 adder skeletons
  4 worms
  5 dart slugs
  11 leopard geckos
  95 orcs
  8 bats
  8 giant cockroaches
  13 goblins
  16 hobgoblins
  10 jackals
  6 kobolds
  3 quokkas
  A ball python (D:1)
  5 frilled lizards
  6 rats
  3 bushes
  28 fungi
  27 plants
703 creatures vanquished.

Vanquished Creatures (collateral kills)
  A two-headed ogre (D:10)
  2 orc knights (Bailey)
  A phantom (D:4)
  A bullfrog (D:9)
  An orc (Bailey)
6 creatures vanquished.

Vanquished Creatures (others)
  A killer bee (Lair:6)
  3 fungi
  4 plants
8 creatures vanquished.

Grand Total: 717 creatures vanquished
